 Dungeon Crawl Stone Soup version 0.29.0-15-g675c0067aa (webtiles) character file.

Game seed: 14337036436667602508

25 MsFixIt the Trooper (level 2, -9/26 HPs)
             Began as a Draconian Berserker on Sept 11, 2022.
             Was a Follower of Trog.
             Mangled by a gnoll
             ... wielding a +0 halberd
              (14 damage)
             ... on level 2 of the Dungeon.
             The game lasted 00:10:21 (825 turns).

MsFixIt the Trooper (Draconian Berserker)            Turns: 825, Time: 00:10:21

Health: -9/26      AC:  4    Str: 19    XL:     2   Next: 86%
Magic:  2/2        EV: 12    Int:  7    God:    Trog [*.....]
Gold:   40         SH:  0    Dex: 10    Spells: 1/1 levels left

rFire   . . .      SeeInvis .   a - +0 falchion
rCold   . . .      Faith    .   (no shield)
rNeg    . . .      Spirit   .   (body armour unavailable)
rPois   .          Reflect  .   (helmet restricted)
rElec   .          Harm     .   (no cloak)
rCorr   .          Rampage  .   (no gloves)
Will    .....                   (no boots)
Stlth   +.........              (no amulet)
HPRegen 0.08/turn               (no ring)
MPRegen 0.08/turn               (no ring)

@: no status effects
A: AC +4, unfitting armour, cold-blooded
a: Renounce Religion, Berserk


You were on level 2 of the Dungeon.
You worshipped Trog.
Trog was aware of your devotion.
You visited 1 branch of the dungeon, and saw 2 of its levels.

You collected 40 gold pieces.

Inventory:

Hand Weapons
 a - a +0 falchion (weapon)
 b - a +0 quarterstaff
 c - a +0 club
 f - a +0 falchion
 j - a +0 whip
 l - a +0 spear
Missiles
 i - 8 stones (quivered)
Armour
 d - a +0 helmet
 e - a +0 ring mail
Scrolls
 g - a scroll of fear
 k - a scroll of identify
Potions
 h - a potion of curing {unknown}


   Skills:
 + Level 3.5 Fighting
 + Level 3.3 Long Blades
 + Level 3.0 Dodging
 + Level 1.0 Stealth


You had one spell level left.
You didn't know any spells.
Your spell library contained the following spells:

 Spells                   Type           Power      Damage    Failure   Level
 Slow                     Hex            0%         N/A       43%         1
 Confusing Touch          Hex            0%         N/A       80%         3
 Vampiric Draining        Necr           0%         2d6       80%         3


Dungeon Overview and Level Annotations

Branches:
Dungeon (2/15)

Altars:


Innate Abilities, Weirdness & Mutations

Your plain brown scales are hard. (AC +4)
You cannot fit into any form of body armour.
You are cold-blooded and may be slowed by cold attacks.


Message History

You tail-slap the gnoll, but do no damage.
The gnoll hits you with a +0 spear.
You closely miss the gnoll.
Your tail-slap misses the gnoll.
The gnoll hits you with a +0 spear.
You completely miss the gnoll.
You tail-slap the gnoll, but do no damage.
The gnoll completely misses you. The gnoll hits you but does no damage.
You hit the gnoll but do no damage. The gnoll hits you with a +0 spear.
You slash the gnoll!
The gnoll is heavily wounded.
The gnoll barely misses you.
You slash the gnoll!
You kill the gnoll!
Trog accepts your kill.
Your Dodging skill increases to level 3!
k - a scroll of identify You see here a +0 spear.
l - a +0 spear 2 gnolls come into view.
The gnoll shouts! x2
The gnoll closely misses you. The gnoll hits you with a +0 halberd!
The gnoll closely misses you.
You hit the gnoll.
The gnoll is moderately wounded.
The gnoll closely misses you. The gnoll hits you with a +0 club.
You hit the gnoll.
You tail-slap the gnoll, but do no damage.
The gnoll is moderately wounded.
The gnoll closely misses you. The gnoll hits you with a +0 club.
You hit the gnoll but do no damage.
The gnoll is moderately wounded.
The gnoll hits you with a +0 club.
* * * LOW HITPOINT WARNING * * *
The gnoll closely misses you.
You hit the gnoll but do no damage.
The gnoll is moderately wounded.
The gnoll misses you. The gnoll hits you but does no damage.
The gnoll hits you with a +0 halberd!
Ouch! That really hurt!
You die...

######### #....g@.#
#.#####g#
..#######.# #.#
..<......#####.#
##...#.#...#.###
#......#.#.#...#
##...#.......#.#####
##.######.........
#.# #.........#.


You could see 2 gnolls.

Vanquished Creatures
  A gnoll (D:2)
  A dart slug (D:1)
  2 endoplasms
  A goblin (D:1)
  A hobgoblin (D:1)
  3 quokkas
  A bat (D:1)
  3 frilled lizards
  A rat (D:2)
14 creatures vanquished.

Notes
Turn   | Place    | Note
-------+----------+-------------------------------------------
     0 | D:1      | MsFixIt the Draconian Berserker began the quest for the
                  | Orb.
     0 | D:1      | Reached XP level 1. HP: 19/19 MP: 1/1
   356 | D:1      | Reached XP level 2. HP: 26/26 MP: 2/2
   500 | D:2      | Reached skill level 1 in Stealth
   825 | D:2      | Mangled by a gnoll

Illustrated notes

Levels and vault maps discovered:
D:1:      erik_arrival_cave_to_civilisation [erik_arrival_cave_to_hall],
          layout_loops_corners, chequers_ecumenical_altar_island,
          minmay_misc_feat_room
D:2:      layout_loops_corners

Skill      XL: |  1  2 |
---------------+-------+-----
Stealth        | 1 |  1.0
Dodging        | 3 |  3.0
Fighting       | |  3.5
Long Blades    | |  3.3

Action                   || total
-------------------------++-------
Melee: Falchion          ||    56
       Tailslap          ||     6
  Use: Scroll            ||     2
Armor: Skin              ||    28
Dodge: Dodged            ||    43
